 Dungeon Crawl Stone Soup version 0.30-a0-1164-ge08a67761e (webtiles) character file.

Game seed: 9270486192100278667

42 graymark the Chopper (level 3, 0/33 HPs)
             Began as a Naga Gladiator on Apr 29, 2023.
             Slain by Sigmund the hound (2 damage)
             ... on level 2 of the Dungeon.
             The game lasted 00:03:28 (961 turns).

graymark the Chopper (Naga Gladiator)                Turns: 961, Time: 00:03:28

Health: 0/33       AC:  4    Str: 18    XL:     3   Next: 54%
Magic:  3/3        EV:  9    Int:  8    God:
Gold:   84         SH:  3    Dex: 12    Spells: 2/2 levels left

rFire   . . .        a - +0 war axe
rCold   . . .        m - +0 buckler
rNeg    . . .        k - +0 ring mail
rPois   +            c - +0 helmet
rElec   .            (no cloak)
rCorr   .            (no gloves)
SInv    +            (no barding)
Will    .....        (no amulet)
Stlth   +            (no ring)
HPRegen 0.25/turn    (no ring)
MPRegen 0.08/turn

%: no passive effects
@: very slow
A: AC +1, large, see invisible, deformed body, poison resistance, slowness 2,
spit poison 1, naga tail 1
a: Spit Poison


You were on level 2 of the Dungeon.
You visited 1 branch of the dungeon, and saw 2 of its levels.

You collected 84 gold pieces.

Inventory:

Hand Weapons
 a - a +0 war axe (weapon)
Missiles
 d - 3 throwing nets (quivered)
 e - a javelin
Armour
 b - a +0 leather armour
 c - a +0 helmet (worn)
 k - a +0 ring mail (worn)
 m - a +0 buckler (worn)
Jewellery
 h - an amulet of faith
Wands
 q - a wand of polymorph (7)
Scrolls
 g - a scroll of enchant weapon {unknown}
 i - a scroll of magic mapping
 j - a scroll of immolation {unknown}
 l - 3 scrolls of teleportation
 o - a scroll of enchant armour {unknown}
Potions
 n - a potion of magic
 p - a potion of degeneration {unknown}
 r - a potion of curing


   Skills:
 + Level 2.3 Fighting
 + Level 3.2 Axes
 - Level 1.7 Throwing
 * Level 1.2 Armour
 * Level 2.9 Dodging


You had 2 spell levels left.
You didn't know any spells.
Your spell library contained the following spells:

 Spells                   Type           Power      Damage    Failure   Level
 Necrotise                Necr           0%         1d4       71%         1
 Vampiric Draining        Necr           0%         2d6       97%         3
 Agony                    Necr           0%         N/A       100%        5


Dungeon Overview and Level Annotations

Branches:
Dungeon (2/15)

Altars:

Annotations:
D:2 Sigmund


Innate Abilities, Weirdness & Mutations

Your serpentine skin is tough. (AC +1)
You have supernaturally acute eyesight. (SInv)
Armour fits poorly on your strangely shaped body.
Your system is resistant to poisons. (rPois)
You cover ground very slowly.
You can spit poison.
You have a snake-like lower body.


Message History

Okay, then.
Aiming: Spit Poison (2% risk of failure)
Press: ? - help, Shift-Dir - straight line, f - you
Okay, then.
Aiming: Polymorph
Press: ? - help, Shift-Dir - straight line, f - Sigmund
Aim: Sigmund, wielding a +0 scythe and wearing a +0 robe (will become a boggart, a gnoll, or a hound, chance to affect: 57%) Sigmund evaporates and reforms as a hound!
A kobold comes into view. It is wielding a +0 dagger.
The kobold shouts!
Sigmund bites you. x2
You barely miss Sigmund. Sigmund barely misses you. Sigmund bites you.
You miss Sigmund. Sigmund bites you but does no damage. Sigmund bites you.
You hit Sigmund but do no damage. Sigmund bites you.
Sigmund closely misses you.
You closely miss Sigmund. Sigmund bites you. x2
You hit Sigmund but do no damage. Sigmund bites you. Sigmund barely misses you.
You closely miss Sigmund. Sigmund bites you.
Sigmund pauses to sniff the ground.
Sigmund bites you.
* * * LOW HITPOINT WARNING * * *
Sigmund bites you but does no damage.
You barely miss Sigmund. Sigmund bites you.
* * * LOW HITPOINT WARNING * * *
Sigmund bites you.
* * * LOW HITPOINT WARNING * * *
Unknown command.
You hit Sigmund.
Sigmund is lightly wounded.
Sigmund stops to sniff the ground.
You block Sigmund's attack. Sigmund barely misses you.
You barely miss Sigmund.
Sigmund is lightly wounded.
Sigmund bites you but does no damage.
Sigmund pauses to sniff the ground.
You block Sigmund's attack.
You closely miss Sigmund.
Sigmund is lightly wounded.
Sigmund bites you.
You die...

...........
.........# #.#
.........#######.#
.........##....#.#
.........##....#)#
.........##....#.#
.........##....#K#
###....####....#h####
####...##..[.+@...#
###..#....##.#.#
##.....###.# ####..#
#.# #..###.# +......#
##..#### #.... #.##.#


You could see Sigmund the hound and a kobold.

Vanquished Creatures
  Jessica (D:2)
  3 endoplasms
  2 giant cockroaches
  A goblin (D:1)
  2 ball pythons (D:1)
  2 bats (D:1)
  2 frilled lizards (D:1)
  4 rats (D:1)
17 creatures vanquished.

Notes
Turn   | Place    | Note
-------+----------+-------------------------------------------
     0 | D:1      | graymark the Naga Gladiator began the quest for the Orb.
     0 | D:1      | Reached XP level 1. HP: 19/19 MP: 1/1
   201 | D:1      | Reached XP level 2. HP: 26/26 MP: 2/2
   843 | D:2      | Noticed Jessica
   849 | D:2      | Killed Jessica
   850 | D:2      | Reached skill level 1 in Armour
   850 | D:2      | Reached XP level 3. HP: 23/33 MP: 3/3
   948 | D:2      | Noticed Sigmund
   949 | D:2      | Sigmund changed into Sigmund the hound
   949 | D:2      | Noticed Sigmund
   958 | D:2      | HP: 1/33 [Sigmund the hound (5)]
   961 | D:2      | Slain by Sigmund the hound

Illustrated notes

Levels and vault maps discovered:
D:1:      eino_arrival_druids_welcome, layout_basic
D:2:      layout_basic, chequers_serial_rivers_micro_c,
          minmay_misc_feat_columns, uniq_sigmund, uniq_jessica

Skill      XL: |  1  2 |
---------------+-------+-----
Armour         | 1 |  1.2
Fighting       | |  2.3
Axes           | |  3.2
Throwing       | |  1.7
Dodging        | |  2.9

Action                     || total
---------------------------++-------
  Melee: War axe           ||    55
Ability: Spit Poison       ||     1
  Evoke: Wand              ||     1
    Use: Scroll            ||     4
 Armour: Leather armour    ||    11
         Ring mail         ||    12
  Dodge: Dodged            ||    45
  Block: Buckler           ||     5

Table legend: (Time is in decaauts)
 A = Elapsed time spent in this place.
 B = Non-inter-level travel time spent in this place.
 C = Inter-level travel time spent in this place.
 D = Time resting spent in this place.
 E = Time spent auto-exploring this place.
 F = Levels seen in this place.
 G = Mean time per level.
                   A        B        C        D        E       F      G
               +--------+--------+--------+--------+--------+-----+--------+
         Total |   1289 |   1266 |     23 |     17 |   1010 |   2 |  644.5 |
       Dungeon |   1289 |   1266 |     23 |     17 |   1010 |   2 |  644.5 |
               +--------+--------+--------+--------+--------+-----+--------+

Top non-repeatable levels by time:
     D:1: 1125 daAuts
     D:2: 163 daAuts
